 Dungeon Crawl Stone Soup version 0.29.1-15-g9cfb28693d (webtiles) character file.

Game seed: 544350460213533714

7 Ayazi56 the Ducker (level 1, -1/10 HPs)
             Began as a Felid Monk on Apr 13, 2023.
             Slain by an adder (3 damage)
             ... on level 2 of the Dungeon.
             The game lasted 00:01:22 (408 turns).

Ayazi56 the Ducker (Felid Monk)                      Turns: 408, Time: 00:01:23

Health: -1/10      AC:  1    Str:  7    XL:     1   Next: 91%
Magic:  2/2        EV: 19    Int: 11    God:
Gold:   15         SH:  0    Dex: 18    Spells: 0/0 levels left
                                        Lives:  0   Deaths: 0

rFire   . . .      SeeInvis +     - Unarmed
rCold   . . .      Faith    .   (shield unavailable)
rNeg    . . .      Spirit   .   (body armour unavailable)
rPois   .          Reflect  .   (helmet unavailable)
rElec   .          Harm     .   (cloak unavailable)
rCorr   .          Rampage  .   (gloves unavailable)
Will    .....                   (boots unavailable)
Stlth   ++........              (no amulet)
HPRegen 0.03/turn               (no ring)
MPRegen 0.08/turn               (no ring)

@: quick
A: very small, claws 1, fangs 3, see invisible, speed 1, shaggy fur 1, stealthy
paws, no weapons or thrown items, no armour, multi-lived
a: no special abilities


You were on level 2 of the Dungeon.
You visited 1 branch of the dungeon, and saw 2 of its levels.

You collected 15 gold pieces.

Inventory:

Scrolls
 b - a scroll of identify {unknown}
Potions
 a - a potion of ambrosia
 c - a potion of mutation {unknown}


   Skills:
 + Level 3.1 Fighting
 + Level 4.3 Dodging
 + Level 2.8 Stealth
 + Level 3.1 Unarmed Combat


You couldn't memorise any spells.
You didn't know any spells.
Your spell library contained the following spells:

 Spells                   Type           Power      Damage    Failure   Level
 Blink                    Tloc           0%         N/A       47%         2
 Lesser Beckoning         Tloc           0%         N/A       71%         3
 Ozocubu's Armour         Ice            0%         N/A       71%         3
 Manifold Assault         Tloc           0%         N/A       100%        5
 Metabolic Englaciation   Hex/Ice        0%         N/A       100%        5
 Simulacrum               Ice/Necr       0%         N/A       100%        6


Dungeon Overview and Level Annotations

Branches:
Dungeon (2/15)

Altars:

Shops:
D:2 =


Innate Abilities, Weirdness & Mutations

You have sharp claws.
You have razor-sharp teeth.
You have supernaturally acute eyesight. (SInv)
You cover ground quickly. (Speed+)
You are covered in fur. (AC +1)
Your paws help you pounce on unaware monsters.
You are incapable of wielding weapons or throwing items.
You cannot wear armour.
You gain extra lives every three experience levels.


Message History

The hobgoblin shouts!
You barely miss the hobgoblin. The hobgoblin completely misses you.
You scratch the hobgoblin.
You kill the hobgoblin!
Found a stone staircase leading down.
There is a stone staircase leading down here.
An adder comes into view.
Found Zosittij's Jewellery Boutique.
The adder hisses angrily.
The adder misses you.
You completely miss the adder. Your bite misses the adder.
The adder misses you.
You scratch the adder but do no damage. The adder bites you.
You are poisoned.
The adder poisons you!
You closely miss the adder.
You feel sick. The adder misses you.
You closely miss the adder. You bite the adder.
The adder is lightly wounded.
You feel sick. The adder completely misses you.
You scratch the adder but do no damage.
The adder is lightly wounded.
The adder completely misses you. The adder barely misses you.
You scratch the adder.
The adder is moderately wounded.
You feel sick. The adder closely misses you.
You barely miss the adder.
The adder is moderately wounded.
You feel sick. The adder completely misses you.
You miss the adder.
The adder is moderately wounded.
You feel sick.
You are no longer poisoned.
The adder completely misses you.
You miss the adder.
The adder is moderately wounded.
The adder barely misses you.
You scratch the adder but do no damage. Your bite misses the adder.
The adder is moderately wounded.
The adder misses you. The adder bites you.
You die...

#############
+∩..S@......#
###########.#
#.#
..........
#.# ........
...######.#
........
........#.#
.....
...####.#.#
#...# #.#.#
#.#.### #.#.#


You could see an adder.

Vanquished Creatures
  An endoplasm (D:1)
  A hobgoblin (D:2)
  3 kobolds
  A rat (D:1)
6 creatures vanquished.

Notes
Turn   | Place    | Note
-------+----------+-------------------------------------------
     0 | D:1      | Ayazi56 the Felid Monk began the quest for the Orb.
     0 | D:1      | Reached XP level 1. HP: 10/10 MP: 2/2
   395 | D:2      | Found Zosittij's Jewellery Boutique.
   408 | D:2      | Slain by an adder

Illustrated notes

Levels and vault maps discovered:
D:1:      mrwooster_arrival_statue_3, layout_loops_ring,
          hellmonk_ecumenical_altar_crossroads, dk_noncrumbling_3,
          corexii_leaking_fountain, minmay_misc_feat_x,
          minmay_misc_feat_secret_circle
D:2:      layout_basic, serial_shops, shop

Action                   || total
-------------------------++-------
Melee: Unarmed           ||    19
       Bite              ||     1
 Stab: Sleeping          ||     3
Dodge: Dodged            ||    14
